 Dungeon Crawl Stone Soup version 0.27.0-1-g7a089689b8 (webtiles) character file.

Game seed: 4298784177557913182

28 Brandom the Skirmisher (level 3, -2/29 HPs)
             Began as a Formicid Abyssal Knight on Aug 8, 2021.
             Was a Believer of Lugonu.
             Slain by a goblin (3 damage)
             ... on level 2 of the Dungeon.
             The game lasted 00:02:22 (1445 turns).

Brandom the Skirmisher (Formicid Abyssal Knight)    Turns: 1445, Time: 00:02:23

Health: -2/29      AC:  3    Str: 17    XL:     3   Next: 27%
Magic:  4/5        EV: 11    Int: 11    God:    Lugonu [**....]
Gold:   16         SH:  0    Dex: 10    Spells: 2/2 levels left

rFire    . . .     SeeInvis +   a - +1 hand axe
rCold    . . .     Faith    .   (no shield)
rNeg     . . .     Spirit   .   b - +0 leather armour
rPois    .         Reflect  .   (helmet unavailable)
rElec    .         Harm     .   (no cloak)
rCorr    .         Rampage  .   (no gloves)
Will     .....                  (no boots)
Stlth    +.........             (no amulet)
HPRegen  0.09/turn              (no ring)
MPRegen  0.09/turn              (no ring)

@: no status effects
A: permanent stasis, dig shafts and tunnels, antennae 3, four strong arms
a: Dig, Shaft Self, Renounce Religion, Depart the Abyss, Bend Space


You were on level 2 of the Dungeon.
You worshipped Lugonu.
Lugonu was pleased with you.
You visited 1 branch of the dungeon, and saw 2 of its levels.
You visited the Abyss 1 time.

You collected 16 gold pieces.

Inventory:

Hand Weapons
 a - a +1 hand axe (weapon)
Missiles
 g - 4 boomerangs
Armour
 b - a +0 leather armour (worn)
Scrolls
 c - a scroll of noise {unknown}
 e - a scroll of holy word {unknown}
 f - a scroll of enchant armour {unknown}
 h - a scroll of fear {unknown}
Potions
 d - a potion of ambrosia {unknown}


   Skills:
 + Level 3.5 Fighting
 + Level 2.3 Axes
 + Level 2.5 Armour
 + Level 1.3 Dodging
 + Level 2.6 Invocations


You had 2 spell levels left.
You didn't know any spells.
Your spell library contained the following spells:

 Spells                   Type           Power      Damage    Failure   Level
 Slow                     Hex            0%         N/A       54%         2
 Confusing Touch          Hex            0%         N/A       77%         3
 Yara's Violent Unravell  Hex/Tmut       0%         3d3       100%        5


Dungeon Overview and Level Annotations

Branches:
Dungeon (2/15)

Altars:

Shops:
D:1 (

Annotations:
D:2 Robin


Innate Abilities, Weirdness & Mutations

You cannot be hasted, slowed, berserked, paralysed or teleported.
You can dig through walls and to a lower floor.
You have a pair of large antennae on your head. (SInv)
Your four strong arms can wield two-handed weapons with a shield.


Message History

A goblin comes into view. It is wielding a +0 dagger.
The goblin barely misses you.
A goblin comes into view. It is wielding a +0 club.
Robin throws the goblin at you!
The goblin shouts!
You barely miss the goblin.
The goblin shouts!
You hit the goblin. The goblin hits you with a +0 club. x2
A hobgoblin comes into view.
You slash the goblin!
You kill the goblin!
Lugonu accepts your kill.
You hit the goblin. The goblin misses you.
A goblin comes into view. It is wielding a +0 dagger.
Robin throws the goblin at you!
You hit the goblin.
You kill the goblin!
Lugonu accepts your kill.
You closely miss the goblin. You hit the goblin.
The goblin hits you with a +0 dagger. The goblin hits you but does no damage.
You hit the goblin.
You kill the goblin!
Lugonu accepts your kill.
You hit the goblin.
You kill the goblin!
Lugonu accepts your kill.
You can now bend space around yourself.
Robin throws the goblin at you! The goblin hits you but does no damage.
The hobgoblin hits you.
You slash the goblin!
You kill the goblin!
Lugonu accepts your kill.
You hit the hobgoblin. The hobgoblin closely misses you.
A goblin comes into view. It is wielding a +0 dagger.
The goblin shouts!
You hit the hobgoblin but do no damage. You closely miss the hobgoblin.
You hit the goblin.
Robin roars a battlecry!
The goblins go into a battle-frenzy!
The hobgoblin hits you.
* * * LOW HITPOINT WARNING * * *
The goblin hits you with a +0 club.
* * * LOW HITPOINT WARNING * * *
Robin throws the goblin at you!
Unknown command.
The goblin hits you with a +0 dagger.
* * * LOW HITPOINT WARNING * * *
The hobgoblin hits you.
* * * LOW HITPOINT WARNING * * *
The goblin hits you with a +0 dagger.
You die...

#####
#####.....
#.....#
#######.<...#
#......@g$..#
#.#####ggg..#
#..)..#
###g#.# .#.#
g# # g. ..
...


You could see Robin, 3 hobgoblins and 2 goblins.

Vanquished Creatures
  2 giant cockroaches (D:1)
  7 goblins
  A hobgoblin (D:1)
  4 jackals (D:1)
  4 ball pythons (D:1)
  A bat (D:1)
  A frilled lizard (D:1)
  4 kobolds (D:1)
  A rat (D:1)
25 creatures vanquished.

Notes
Turn   | Place    | Note
-------+----------+-------------------------------------------
     0 | Abyss:1  | Brandom the Formicid Abyssal Knight began the quest for the
                  | Orb.
     0 | Abyss:1  | Reached XP level 1. HP: 18/18 MP: 2/2
    61 | Abyss:1  | Noticed a hell hog
    66 | D:1      | Escaped the Abyss
    94 | D:1      | Found Juskod's Weapon Shop.
   356 | D:1      | Reached skill level 1 in Dodging
   525 | D:1      | Reached XP level 2. HP: 23/24 MP: 3/3
  1163 | D:1      | Found a faded altar of an unknown god.
  1257 | D:1      | Reached XP level 3. HP: 27/29 MP: 4/4
  1435 | D:2      | Noticed Robin
  1440 | D:2      | Reached ** piety under Lugonu
  1445 | D:2      | HP: 1/29 [hobgoblin[Robin] (4)]
  1445 | D:2      | Slain by a goblin

Illustrated notes

Levels and vault maps discovered:
D:1:      scummos_arrival_checkerplants, layout_loops_ring, serial_shops,
          nicolae_shop_waterfront, ebering_ecumenical_altar_abandoned
D:2:      layout_loops_ring, chequers_serial_rivers_small_3,
          chequers_serial_rivers_marsh, uniq_robin, uniq_sigmund

Skill      XL: |  1 |
---------------+----+-----
Dodging        | 1 |  1.3
Fighting       | |  3.5
Axes           | |  2.3
Armour         | |  2.5
Invocations    | |  2.6

Action                   || total
-------------------------++-------
Melee: Hand axe          ||    74
Armor: Leather armour    ||    26
Dodge: Dodged            ||    50
